 Dungeon Crawl Stone Soup version 0.17-a0-484-g0e03f6a (console) character file.

17894 Garrluk the Grappler (level 12, 0/97 HPs)
             Began as a Troll Transmuter on Apr 10, 2015.
             Was an Elder of Okawaru.
             Slain by a cyan ugly thing (15 damage)
             ... on level 10 of the Dungeon.
             The game lasted 00:43:55 (9874 turns).

Garrluk the Grappler (Troll Transmuter)             Turns: 9874, Time: 00:43:55

Health: 0/97       AC:  6    Str: 21    XL:     12   Next: 22%
Magic:  12/12      EV:  8    Int: 11    God:    Okawaru [****..]
Gold:   574        SH: 18    Dex: 10    Spells: 4 memorised, 5 levels left

rFire  . . .     SeeInvis .       - Unarmed
rCold  + . .     Clarity  .     l - +1 robe {Archmagi}
rNeg   . . .     SustAb   .     I - +1 large shield
rPois  .         Gourm    +     (helmet restricted)
rElec  .         Spirit   .     w - +0 cloak
rCorr  .         Warding  .     (gloves unavailable)
rMut   .         Stasis   .     (boots unavailable)
MR     .....                    (no amulet)
Stlth  +.........               S - ring of wizardry
                                v - ring of protection from cold

@: not resistant to hostile enchantments, very unstealthy
A: unfitting armour, claws 3, deformed body, dopey 1, fast metabolism 3,
gourmand, regeneration 2, shaggy fur 1, tough skin 2, placid magic 1
a: Heroism, Renounce Religion


You were on level 10 of the Dungeon.
You worshipped Okawaru.
Okawaru was greatly pleased with you.
You were full.

You visited 2 branches of the dungeon, and saw 12 of its levels.
You also visited: Sewer.

You collected 574 gold pieces.

Notes
Turn   | Place    | Note
--------------------------------------------------------------
     0 | D:1      | Garrluk, the Troll Transmuter, began the quest for the Orb.
     0 | D:1      | Reached XP level 1. HP: 18/18 MP: 1/1
   114 | D:1      | Reached XP level 2. HP: 20/26 MP: 2/2
   560 | D:2      | Learned a level 2 spell: Sticks to Snakes
   609 | D:2      | Reached XP level 3. HP: 29/32 MP: 3/3
   799 | D:2      | Found a shadowy altar of Dithmenos.
   856 | D:2      | Reached XP level 4. HP: 35/40 MP: 2/4
   944 | D:2      | Reached skill level 4 in Unarmed Combat
   986 | D:2      | Noticed Sigmund
  1010 | D:2      | Killed Sigmund
  1010 | D:2      | Reached XP level 5. HP: 12/46 MP: 1/5
  1154 | D:2      | Noticed Crazy Yiuf
  1172 | D:2      | Killed Crazy Yiuf
  1172 | D:2      | Reached skill level 5 in Unarmed Combat
  1264 | D:2      | Found a bloodstained altar of Trog.
  1684 | D:3      | Found a shimmering altar of Xom.
  1692 | D:3      | Noticed Jessica
  1699 | D:3      | Killed Jessica
  1699 | D:3      | Reached XP level 6. HP: 35/54 MP: 6/6
  1874 | D:3      | Noticed Terence
  1887 | D:3      | Killed Terence
  2040 | D:3      | Learned a level 3 spell: Spider Form
  2233 | D:4      | Noticed Robin
  2261 | D:4      | Killed Robin
  2266 | D:4      | Reached skill level 6 in Unarmed Combat
  2266 | D:4      | Reached XP level 7. HP: 42/61 MP: 5/7
  2533 | D:4      | Found a glowing drain.
  2553 | Sewer    | Entered a sewer
  2675 | Sewer    | Found a glowing silver altar of Zin.
  3149 | D:4      | Reached skill level 1 in Shields
  3269 | D:4      | Found a blossoming altar of Fedhas.
  3272 | D:4      | Found a sacrificial altar of Ru.
  3275 | D:4      | Found an ancient bone altar of Kikubaaqudgha.
  3312 | D:5      | Entered Level 5 of the Dungeon
  3333 | D:5      | Reached skill level 7 in Unarmed Combat
  3464 | D:5      | Reached XP level 8. HP: 56/68 MP: 8/8
  3698 | D:5      | Found a staircase to the Ecumenical Temple.
  3713 | Temple   | Entered the Ecumenical Temple
  3761 | Temple   | Became a worshipper of Warmaster Okawaru
  4117 | D:6      | Reached skill level 8 in Unarmed Combat
  4287 | D:6      | Acquired Okawaru's first power
  4386 | D:6      | Noticed Edmund
  4555 | D:6      | Killed Edmund
  4555 | D:6      | Reached skill level 9 in Unarmed Combat
  4555 | D:6      | Reached XP level 9. HP: 60/75 MP: 9/9
  4562 | D:6      | Found an opulent altar of Gozag.
  4607 | D:5      | Reached skill level 5 in Shields
  4962 | D:7      | Noticed Dowan
  4980 | D:7      | Noticed Duvessa
  4980 | D:7      | Killed Dowan
  4995 | D:7      | Killed Duvessa
  5044 | D:7      | Found a glowing golden altar of the Shining One.
  5088 | D:7      | Noticed Joseph
  5266 | D:7      | Gained mutation: You are dopey. (Int -2) [potion of mutation]
  5266 | D:7      | Gained mutation: Armour fits poorly on your strangely shaped body. [potion of mutation]
  5266 | D:7      | Gained mutation: Your spells are a little easier to cast, but a little less powerful. [potion of mutation]
  5420 | D:7      | Found a snail-covered altar of Cheibriados.
  5891 | D:6      | Reached skill level 10 in Unarmed Combat
  6611 | D:7      | Killed Joseph
  7069 | D:8      | Found a stormy altar of Qazlal.
  7081 | D:8      | Reached XP level 10. HP: 83/83 MP: 10/10
  7389 | D:8      | Noticed Psyche
  7424 | D:8      | Killed Psyche
  7683 | D:8      | Found a sparkling altar of Nemelex Xobeh.
  7771 | D:8      | Found a burning altar of Makhleb.
  7954 | D:9      | Noticed a hill giant
  7961 | D:9      | Killed a hill giant
  7961 | D:9      | Reached skill level 11 in Unarmed Combat
  8027 | D:9      | Noticed ThorGoll's ghost (experienced GrWn)
  8146 | D:9      | Noticed Erica
  8155 | D:9      | Killed Erica
  8155 | D:9      | Received a gift from Okawaru
  8165 | D:9      | Noticed Grum
  8174 | D:9      | Killed Grum
  8193 | D:8      | HP: 1/83 [wolf[Grum] (10)]
  8336 | D:9      | Found a bloodstained altar of Trog.
  8595 | D:9      | Reached skill level 12 in Unarmed Combat
  9014 | D:10     | Entered Level 10 of the Dungeon
  9041 | D:10     | Learned a level 2 spell: Stoneskin
  9124 | D:10     | Found Amuph's Jewellery Shoppe.
  9151 | D:10     | Noticed a hill giant
  9171 | D:10     | Killed a hill giant
  9171 | D:10     | Reached XP level 11. HP: 89/89 MP: 11/11
  9252 | D:10     | Noticed a hill giant
  9274 | D:10     | Killed a hill giant
  9292 | D:10     | Found Yves's Elemental Accessories.
  9531 | D:10     | Reached XP level 12. HP: 71/97 MP: 12/12
  9547 | D:10     | Received a gift from Okawaru
  9874 | D:10     | Slain by a cyan ugly thing

Inventory:

Hand weapons
 T - a +2 dagger of chaos
   (You took it off Psyche on level 8 of the Dungeon)
Missiles
 b - 221 arrows
 s - 9 poisoned needles
 t - 20 stones
 P - 5 poisoned javelins
 R - 15 javelins
 U - 3 large rocks (quivered)
Armour
 l - a +1 robe of the Archmagi (worn)
   (You took it off a wight on level 8 of the Dungeon)
 w - a +0 cloak (worn)
   (You took it off Crazy Yiuf on level 2 of the Dungeon)
 E - a +0 robe
   (You took it off Jessica on level 3 of the Dungeon)
 I - a +1 large shield (worn)
   (You found it on level 4 of the Dungeon)
Jewellery
 v - a ring of protection from cold (left claw)
   (You found it on level 2 of the Dungeon)
 y - an uncursed ring of invisibility
   (You found it on level 6 of the Dungeon)
 S - a ring of wizardry (right claw)
   (You found it on level 9 of the Dungeon)
Magical devices
 c - a wand of fireball (14)
   (You took it off Terence on level 3 of the Dungeon)
 g - a wand of slowing (29)
   (You found it on level 4 of the Dungeon)
 n - a wand of magic darts (19)
   (You took it off Grum on level 9 of the Dungeon)
 G - a wand of frost (20)
   (You took it off Robin on level 4 of the Dungeon)
 M - a wand of flame (30)
   (You took it off Dowan on level 7 of the Dungeon)
 N - a wand of enslavement (14)
   (You found it on level 7 of the Dungeon)
 O - a wand of paralysis (6)
   (You found it on level 7 of the Dungeon)
 Q - a wand of disintegration (13)
   (You found it on level 8 of the Dungeon)
 V - a wand of polymorph (18)
   (You found it on level 8 of the Dungeon)
Scrolls
 e - 8 scrolls of identify
 f - 6 scrolls of remove curse
 h - 7 scrolls of teleportation
 i - 3 scrolls of enchant weapon
 k - 3 scrolls of amnesia
 o - 3 scrolls of enchant armour
 p - 4 scrolls of magic mapping
 W - a scroll of blinking
 X - a scroll of recharging
Potions
 j - a potion of flight
 q - 3 potions of cancellation
 A - 3 potions of agility
 B - a potion of haste
 C - 4 potions of curing
 D - 2 potions of invisibility
 H - a potion of ambrosia
 K - 2 potions of restore abilities
 L - 2 potions of brilliance
 Y - a potion of heal wounds
Books
 d - a book of Changes

   Spells                             Type                      Level
   a - Beastly Appendage              Transmutation                1
   b - Sticks to Snakes               Transmutation                2
   c - Spider Form                    Transmutation/Poison         3
   d - Ice Form                       Ice/Transmutation            4
   e - Blade Hands                    Transmutation                5
 u - a book of Ice
   (You found it on level 2 of the Dungeon)

   Spells                             Type                      Level
   a - Ice Form                       Ice/Transmutation            4
   b - Metabolic Englaciation         Hexes/Ice                    5
   c - Ozocubu's Refrigeration        Ice                          6
   d - Bolt of Cold                   Conjuration/Ice              6
   e - Freezing Cloud                 Conjuration/Ice/Air          6
   f - Simulacrum                     Ice/Necromancy               6
 J - a book of Geomancy
   (You found it on level 10 of the Dungeon)

   Spells                             Type                      Level
   a - Sandblast                      Earth                        1
   b - Stoneskin                      Transmutation/Earth          2
   c - Passwall                       Transmutation/Earth          3
   d - Stone Arrow                    Conjuration/Earth            3
   e - Petrify                        Transmutation/Earth          4
   f - Lee's Rapid Deconstruction     Earth                        5
Comestibles
 a - 14 bread rations
 m - a royal jelly
 r - 8 fruits
 x - 8 beef jerkies
 z - 5 meat rations
 F - 2 slices of pizza

Table legend:
 A = Turns spent in this place as a percentage of turns spent in the entire game.
 B = Non-inter-level travel turns spent in this place as a percentage of non-inter-level travel turns spent in the entire game.
 C = Inter-level travel turns spent in this place as a percentage of turns spent in this place.
 D = Turns resting spent in this place as a percentage of non-inter-level travel turns spent in this place.
 E = Turns spent auto-exploring this place as a percentage of non-inter-level travel turns spent in this place.
 F = Non-inter-level travel turns spent in this place divided by the number of levels of this place that you've seen.
                   A       B       C       D       E      F
               +-------+-------+-------+-------+-------+----------------------
         Total | 100.0 | 100.0 |   0.5 |   1.4 |   6.1 | 312.1
       Dungeon |  96.4 |  96.5 |   0.5 |   1.2 |   6.2 | 355.7
        Temple |   0.9 |   0.9 |   2.8 |   0.0 |   2.9 |  35.0
         Sewer |   2.7 |   2.7 |   0.0 |   8.3 |   4.6 | 109.0
               +-------+-------+-------+-------+-------+----------------------


   Skills:
 - Level 0.7 Fighting
 - Level 1.5 Dodging
 * Level 9.3 Shields
 * Level 12.5 Unarmed Combat
 - Level 1.2 Spellcasting
 - Level 4.6 Transmutations
 - Level 8.0 Earth Magic


You had 5 spell levels left.
You knew the following spells:

 Your Spells              Type           Power        Failure   Level  Hunger
a - Beastly Appendage     Trmt           ##....       4%          1    ##.....
b - Sticks to Snakes      Trmt           ##........   6%          2    ###....
c - Spider Form           Trmt/Pois      #.........   56%         3    ####...
d - Stoneskin             Trmt/Erth      ##......     2%          2    ###....


Dungeon Overview and Level Annotations

Branches:
Dungeon (11/15)            Temple (1/1) D:5
   Lair: D:8-11         Orc: D:9-12

Altars:
Ashenzari
Cheibriados
Dithmenos
Elyvilon
Fedhas
Gozag
Kikubaaqudgha
Makhleb
Nemelex Xobeh
Okawaru
Qazlal
Ru
Sif Muna
Trog
Vehumet
Xom
Yredelemnul
Zin
The Shining One

Shops:
D:10 =*

Annotations:
D:9 ThorGoll's ghost, experienced GrWn


Innate Abilities, Weirdness & Mutations

You are too large for most types of armour.
You have claws for hands.
Your metabolism is lightning-fast.
You like to eat raw meat.
You heal very quickly.
You are covered in fur (AC +1).
You have very tough skin (AC +2).
Armour fits poorly on your strangely shaped body.
You are dopey. (Int -2)
Your spells are a little easier to cast, but a little less powerful.


Message History

The cyan ugly thing is lightly wounded.
The cyan ugly thing bites you! The cyan ugly thing shocks you!
You mangle the cyan ugly thing!!
The cyan ugly thing is moderately wounded.
You mangle the cyan ugly thing!!
The cyan ugly thing is severely wounded.
The cyan ugly thing bites you. The cyan ugly thing shocks you!
The cyan ugly thing bites you.
* * * LOW HITPOINT WARNING * * *
The cyan ugly thing shocks you!
* * * LOW HITPOINT WARNING * * *
You scratch the cyan ugly thing but do no damage.
The cyan ugly thing is severely wounded.
The cyan ugly thing bites you but does no damage.
You scratch the cyan ugly thing.
The cyan ugly thing is severely wounded.
The cyan ugly thing bites you!
* * * LOW HITPOINT WARNING * * *
The cyan ugly thing shocks you!
You die...

#####..## #..# ###.# #####..##
#.## #.... ........# ###'######
#...§ ........# #...>....# #....
........### #........# ##.≈.∩
........'.###........# #.....
........#..##........# #....≈
........##..#........# #.....
........###.+........# #.##.#
........# ###...u....# #....#
........# #...@<...# ####.#
##+###### #........# #.. #.#
#........# ##. #.# #######'## #.
#.# ##...# #. #.# #..### #####.
#.# ####.####### #..... #.#
#..........### #..... #.#
#............###.....
##.##########.#........#..##.....
.............∩.........##..#.....


You could see a cyan ugly thing (bleeding).

Table legend:
 A = Kills in this place as a percentage of kills in entire the game.
 B = Kills by you in this place as a percentage of kills by you in the entire game.
 C = Kills by friends in this place as a percentage of kills by friends in the entire game.
 D = Other kills in this place as a percentage of other kills in the entire game.
 E = Experience gained in this place as a percentage of experience gained in the entire game.
 F = Experience gained in this place divided by the number of levels of this place that you have seen.
                   A       B       C       D       E      F
               +-------+-------+-------+-------+-------+----------------------
         Total | 100.0 | 100.0 | 100.0 |  -nan | 100.0 | 1053.9
       Dungeon |  97.6 |  97.6 | 100.0 |  -nan |  99.1 | 1234.5
         Sewer |   2.4 |   2.4 |   0.0 |  -nan |   0.9 | 121.0
               +-------+-------+-------+-------+-------+----------------------

Vanquished Creatures
  Monster Symbol All '*'
  A giant spore (D:8)
1 creature vanquished. All '5' 5 crimson imps A quasit (D:8) 3 shadow imps
9 creatures vanquished. All '@' Erica (D:9) Joseph (D:7) Psyche (D:8) Sigmund (D:2) Edmund (D:6) Jessica (D:3) Terence (D:3)
7 creatures vanquished. All 'B' 2 goliath beetles (D:6)
2 creatures vanquished. All 'C' 3 hill giants
3 creatures vanquished. All 'D' A wyvern (D:9)
1 creature vanquished. All 'F' 2 giant frogs
2 creatures vanquished. All 'J' 3 jellies
3 creatures vanquished. All 'K' 4 big kobolds 43 kobolds
47 creatures vanquished. All 'O' 3 ogres
3 creatures vanquished. All 'P' 4 ballistomycetes (D:8) 2 fungi (D:5) 2 plants (D:7)
8 creatures vanquished. All 'S' 2 water moccasins 15 adders A ball python (D:2)
18 creatures vanquished. All 'T' A troll (D:10)
1 creature vanquished. All 'W' A phantom (D:4)
1 creature vanquished. All 'Y' A sky beast (D:5)
1 creature vanquished. All 'Z' A trapdoor spider zombie (D:10) A centaur zombie (D:10) 2 giant frog skeletons An orc zombie (D:10) An adder zombie (D:9) 2 adder skeletons A quokka skeleton (D:4)
9 creatures vanquished. All 'a' 8 worker ants
8 creatures vanquished. All 'b' 29 bats
29 creatures vanquished. All 'c' A centaur (D:10)
1 creature vanquished. All 'e' 2 deep elf magi Duvessa (D:7) Dowan (D:7)
4 creatures vanquished. All 'g' Grum (D:9) A gnoll sergeant (D:6) Crazy Yiuf (D:2) Robin (D:4) 7 gnolls 13 hobgoblins 14 goblins
38 creatures vanquished. All 'h' 4 wolves 3 black bears 4 hounds 3 jackals
14 creatures vanquished. All 'l' An iguana (D:10) 4 giant geckos 6 giant newts
11 creatures vanquished. All 'n' A necrophage (D:9)
1 creature vanquished. All 'o' 8 orc warriors 5 orc priests 10 orc wizards 44 orcs
67 creatures vanquished. All 'p' 3 humans
3 creatures vanquished. All 'r' A river rat (Sewer) A quokka (D:9) 21 rats
23 creatures vanquished. All 's' 8 scorpions 8 giant cockroaches
16 creatures vanquished. All 'w' 4 worms
4 creatures vanquished. All 'z' 4 wights
4 creatures vanquished.
339 creatures vanquished. Monster Nature Uniques Erica (D:9) Joseph (D:7) Psyche (D:8) Sigmund (D:2) Grum (D:9) Edmund (D:6) Duvessa (D:7) Dowan (D:7) Crazy Yiuf (D:2) Jessica (D:3) Terence (D:3) Robin (D:4)
12 creatures vanquished. Natural Monsters 3 hill giants A troll (D:10) 2 deep elf magi A wyvern (D:9) 3 humans 4 wolves 2 water moccasins A sky beast (D:5) 3 black bears 8 orc warriors 3 ogres A centaur (D:10) 4 big kobolds A gnoll sergeant (D:6) 2 giant frogs 8 scorpions 3 jellies 2 goliath beetles (D:6) 5 orc priests 4 hounds 10 orc wizards An iguana (D:10) 8 worker ants 15 adders 7 gnolls A river rat (Sewer) 4 worms 4 giant geckos 44 orcs 8 giant cockroaches 13 hobgoblins 3 jackals A quokka (D:9) A ball python (D:2) 29 bats 6 giant newts 14 goblins 43 kobolds 21 rats
294 creatures vanquished. Undead Monsters A trapdoor spider zombie (D:10) A necrophage (D:9) A phantom (D:4) 4 wights A centaur zombie (D:10) 2 giant frog skeletons An orc zombie (D:10) An adder zombie (D:9) 2 adder skeletons A quokka skeleton (D:4)
15 creatures vanquished. Demonic Monsters 5 crimson imps A quasit (D:8) 3 shadow imps
9 creatures vanquished. Plants A giant spore (D:8) 4 ballistomycetes (D:8) 2 fungi (D:5) 2 plants (D:7)
9 creatures vanquished.
339 creatures vanquished. Ascending Order Erica (D:9) Joseph (D:7) Psyche (D:8) A troll (D:10) A trapdoor spider zombie (D:10) Sigmund (D:2) A wyvern (D:9) Grum (D:9) Edmund (D:6) A sky beast (D:5) Duvessa (D:7) A necrophage (D:9) A centaur (D:10) A phantom (D:4) A gnoll sergeant (D:6) Dowan (D:7) A quasit (D:8) A centaur zombie (D:10) Crazy Yiuf (D:2) Jessica (D:3) Terence (D:3) An iguana (D:10) Robin (D:4) A river rat (Sewer) An orc zombie (D:10) An adder zombie (D:9) A quokka (D:9) A quokka skeleton (D:4) A giant spore (D:8) A ball python (D:2) 2 deep elf magi 2 water moccasins 2 giant frogs 2 goliath beetles (D:6) 2 giant frog skeletons 2 adder skeletons 2 plants (D:7) 2 fungi (D:5) 3 hill giants 3 humans 3 black bears 3 ogres 3 jellies 3 shadow imps 3 jackals 4 wolves 4 big kobolds 4 wights 4 hounds 4 worms 4 giant geckos 4 ballistomycetes (D:8) 5 crimson imps 5 orc priests 6 giant newts 7 gnolls 8 orc warriors 8 scorpions 8 worker ants 8 giant cockroaches 10 orc wizards 13 hobgoblins 14 goblins 15 adders 21 rats 29 bats 43 kobolds 44 orcs
339 creatures vanquished.

Action                   |  1- 3 |  4- 6 |  7- 9 | 10-12 || total
-------------------------+-------+-------+-------+-------++-------
Melee: Unarmed           |   149 |   137 |   639 |   315 ||  1240
Throw: Stone             |       |       |     6 |     8 ||    14
       Javelin           |       |       |       |    13 ||    13
       Large rock        |       |       |       |     5 ||     5
 Cast: Beastly Appendage |     5 |     7 |     2 |     1 ||    15
       Sticks to Snakes  |       |     4 |       |       ||     4
       Stoneskin         |       |       |       |     6 ||     6
Invok: Heroism           |       |       |     1 |     3 ||     4
  Use: Potion            |       |     2 |    14 |     9 ||    25
       Scroll            |       |       |    10 |     3 ||    13
  Eat: Chunk             |    13 |     7 |    52 |    27 ||    99
